 Dungeon Crawl Stone Soup version 0.28-a0-1190-g77e1c55843 (webtiles) character file.

Game seed: 14162815312014263028

4729 fragbeetle the Tainter (level 10, -12/96 HPs)
             Began as a Green Draconian Transmuter on Dec 18, 2021.
             Was an Initiate of Gozag.
             Killed by divine providence
             ... invoked by a meliai
              (13 damage)
             ... on level 10 of the Dungeon.
             The game lasted 00:33:41 (10700 turns).

fragbeetle the Tainter (DrTm)                      Turns: 10700, Time: 00:33:42

Health: -12/96     AC:  8    Str: 22    XL:     10   Next: 22%
Magic:  8/13       EV: 11    Int: 19    God:    Gozag
Gold:   501        SH:  0    Dex: 11    Spells: 3/13 levels left

rFire   x . .      SeeInvis +     - Unarmed
rCold   + + +      Faith    .   (shield currently unavailable)
rNeg    + . .      Spirit   .   (armour unavailable)
rPois   +          Reflect  .   (helmet currently unavailable)
rElec   .          Harm     .   (cloak currently unavailable)
rCorr   .          Rampage  .   (gloves currently unavailable)
Will    .....                   (boots currently unavailable)
Stlth   +.........              c - amulet of the acrobat
HPRegen 0.26/turn               p - +6 ring of intelligence
MPRegen 0.13/turn               v - ring of Fuulipum {Wiz rN+ Str+4 SInv}

@: ice-form, wereblooded, gold aura
A: freezing attack, amphibious, boosted hp, (breathe noxious fumes), AC +7,
large, unfitting armour, (poison resistance), (cold-blooded)
a: End Transformation, Renounce Religion, Potion Petition, Call Merchant, Bribe
Branch


You were on level 10 of the Dungeon.
You worshipped Gozag.
Gozag was pleased with you.
You were a creature of crystalline ice.
You visited 2 branches of the dungeon, and saw 11 of its levels.

You collected 1310 gold pieces.
You spent 755 gold pieces at shops.
You paid 54 gold pieces to Gozag.

Inventory:

Missiles
 e - 77 poisoned darts
Armour
 f - a scarf of invisibility (melded)
 i - a +0 pair of gloves (melded)
 k - a +0 pair of boots (melded)
 s - a +0 cloak
Jewellery
 c - an amulet of the acrobat (around neck)
 o - an amulet of guardian spirit
 p - a +6 ring of intelligence (left front paw)
 t - a ring of poison resistance
 v - the ring of Fuulipum (right front paw) {Wiz rN+ Str+4 SInv}
   (You bought it in a shop on level 2 of the Dungeon)

   [ring of wizardry]

   It improves your spell success rate.
   Str:       It affects your strength (+4).
   rN:        It protects you from negative energy.
   SInv:      It lets you see invisible.
Wands
 x - a wand of acid (5)
 z - a wand of iceblast (9)
 E - a wand of polymorph (6)
Scrolls
 b - 2 scrolls of teleportation {unknown}
 g - 2 scrolls of blinking
 h - a scroll of fog {unknown}
 j - 4 scrolls of magic mapping {unknown}
 l - a scroll of amnesia {unknown}
 q - 3 scrolls of fear
 r - 2 scrolls of vulnerability {unknown}
 u - a scroll of silence {unknown}
 y - a scroll of identify
 A - a scroll of torment
 D - a scroll of holy word {unknown}
Potions
 a - 2 potions of berserk rage
 d - 2 potions of haste {unknown}
 m - 4 potions of heal wounds
 n - 5 potions of curing
 w - a potion of might
 B - a potion of flight {unknown}
 C - a potion of lignification {unknown}


   Skills:
 + Level 4.8 Fighting
 + Level 4.5 Dodging
 - Level 6.6 Unarmed Combat
 - Level 2.0 Spellcasting
 + Level 7.7 Transmutations
 + Level 6.5 Ice Magic
 + Level 8.4 Poison Magic


You had 3 spell levels left.
You knew the following spells:

 Your Spells              Type           Power      Damage    Failure   Level
a - Beastly Appendage     Tmut           62%        N/A       1%          1
b - Spider Form           Tmut/Pois      32%        N/A       1%          3
c - Ice Form              Ice/Tmut       29%        N/A       3%          4
d - Wereblood             Tmut           31%        N/A       1%          2

Your spell library contained the following spells:

 Spells                   Type           Power      Damage    Failure   Level
 Ensorcelled Hibernation  Hex/Ice        28%        N/A       2%          2
 Foxfire                  Conj/Fire      4%         2x1d4     7%          1
 Pain                     Necr           4%         1d4       7%          1
 Blink                    Tloc           2%         N/A       11%         2
 Corpse Rot               Necr/Air       2%         N/A       11%         2
 Conjure Flame            Conj/Fire      1%         6-21      21%         3
 Inner Flame              Hex/Fire       1%         N/A       21%         3
 Lesser Beckoning         Tloc           1%         N/A       21%         3
 Tukima's Dance           Hex            1%         N/A       21%         3
 Dispel Undead            Necr           1%         3d6       52%         4
 Flame Wave               Conj/Fire      1%         2d4       52%         4
 Agony                    Necr           1%         N/A       86%         5
 Excruciating Wounds      Necr           0%         N/A       86%         5
 Fireball                 Conj/Fire      0%         3d3       86%         5
 Manifold Assault         Tloc           1%         N/A       86%         5
 Death Channel            Necr           0%         N/A       100%        6
 Starburst                Conj/Fire      0%         6d3       100%        6
 Ignition                 Fire           0%         3d3       100%        8


Dungeon Overview and Level Annotations

Branches:
Dungeon (10/15)            Temple (1/1) D:4             Orc (0/2) D:9
   Lair: D:8-11

Altars:
Ashenzari
Cheibriados
Dithmenos
Elyvilon
Fedhas
Gozag
Hepliaklqana
Kikubaaqudgha
Makhleb
Nemelex Xobeh
Okawaru
Qazlal
Ru
Sif Muna
Trog
Uskayaw
Vehumet
Wu Jian
Xom
Yredelemnul
Zin
The Shining One

Shops:
D:2 =   D:6 *   D:7 :   D:9 =*[[*


Innate Abilities, Weirdness & Mutations

You are a creature of crystalline ice.
You have a powerful freezing melee attack.
You are amphibious.
Your maximum health is increased.
Your armour is entirely melded.
You are incapable of wielding weapons or throwing items.
((You can breathe blasts of noxious fumes.))
((Your lurid green scales are hard. (AC +7)))
You cannot fit into any form of body armour.
((Your system is resistant to poisons. (rPois)))
((You are cold-blooded and may be slowed by cold attacks.))


Message History

You feel sick.
You hear an angry buzzing noise. x2
The killer bee barely misses you. The killer bee stings you.
You hear a shout!
You pummel the killer bee!! You freeze the killer bee.
You feel a bit better.
You kill the killer bee!
The meliai invokes the aid of its god against you.
Something smites you!
You completely miss the meliai.
You howl as the wereblood boils in your veins!
You feel sick. The meliai hits you but does no damage.
The meliai barely misses you. x2
The meliai stings you but does no damage.
You punch the meliai! You freeze the meliai!
The meliai is almost dead.
You feel sick. The meliai closely misses you. The meliai barely misses you.
You closely miss the meliai.
The meliai is almost dead.
You feel sick.
You are no longer poisoned.
The meliai mumbles some strange prayers to its god against you.
Something smites you!
A meliai comes into view. It is wielding a +0 broad axe.
The meliai hits you with a +0 hand axe! The meliai barely misses you.
The meliai is distracted by your dazzling golden aura.
The meliai buzzes angrily.
You closely miss the meliai.
The meliai is almost dead.
The meliai hits you with a +0 hand axe!
* * * LOW HITPOINT WARNING * * *
The meliai stings you!
* * * LOW HITPOINT WARNING * * *
The meliai calls down the wrath of its god upon you.
Something smites you!
* * * LOW HITPOINT WARNING * * *
The killer bee is distracted by your dazzling golden aura.
The meliai mumbles some strange prayers to its god against you.
Something smites you!
You die...
Your body crumbles into a pile of gold.

..## ...## ....# ....#
....# ....#####
....##..#
...##...##############..
..............?.Yyyyy..#
....#.#.############....
....#.#.# # ...)#.#.# #.
...)#.#.### ##..
...)).....####..###.....
...#....................
..#####.......>..##.....
..# ##.................


You could see 3 meliai and a killer bee (unaware).

Vanquished Creatures
  Grinder (D:3)
  2 steam dragons (D:8)
  Edmund (D:4)
  2 acid dragons
  A water moccasin (D:7)
  2 ice beasts
  2 sky beasts
  2 ogres
  3 black bears (D:6)
  3 orc warriors
  2 necrophages (D:8)
  A phantom (D:4)
  4 centaurs
  Blork the orc (D:5)
  3 bullfrogs (D:8)
  3 scorpions
  A gnoll sergeant (D:10)
  A wyvern skeleton (D:4)
  12 killer bees
  An electric eel (D:6)
  A howler monkey (D:9)
  2 centaur zombies
  A bullfrog zombie (D:6)
  A centaur skeleton (D:4)
  3 hounds
  3 bullfrog skeletons
  A gnoll shaman (D:9)
  3 orc priests
  A jelly (D:7)
  2 iguanas
  6 orc wizards
  3 howler monkey zombies
  Robin (D:3)
  13 gnolls
  7 adders
  3 white imps
  An ufetubus (D:6)
  An adder skeleton (D:4)
  2 worms
  8 dart slugs
  16 orcs
  5 endoplasms
  2 giant cockroaches
  19 goblins
  4 hobgoblins
  3 jackals (D:1)
  5 kobolds
  3 quokkas
  3 ball pythons
  2 bats
  2 frilled lizards (D:1)
  5 rats
180 creatures vanquished.

Vanquished Creatures (others)
  A goblin (D:3)
  4 fungi (D:8)
  7 plants (D:8)
12 creatures vanquished.

Grand Total: 192 creatures vanquished

Notes
Turn   | Place    | Note
-------+----------+-------------------------------------------
     0 | D:1      | fragbeetle the Draconian Transmuter began the quest for the
                  | Orb.
     0 | D:1      | Reached XP level 1. HP: 16/16 MP: 3/3
   182 | D:1      | Reached XP level 2. HP: 23/23 MP: 3/5
   633 | D:1      | Found a faded altar of an unknown god.
   884 | D:2      | Reached XP level 3. HP: 28/28 MP: 4/6
   888 | D:2      | Learned a level 3 spell: Spider Form
  1225 | D:2      | Reached skill level 1 in Poison Magic
  1300 | D:2      | Reached XP level 4. HP: 34/35 MP: 5/7
  1611 | D:2      | Found Soukhlit's One-of-a-Kind Rings.
  1894 | D:3      | Noticed Robin
  1895 | D:3      | Noticed Grinder
  1937 | D:3      | Killed Robin
  2124 | D:3      | Reached XP level 5. HP: 34/40 MP: 8/8
  2132 | D:3      | Learned a level 4 spell: Ice Form
  2145 | D:4      | Found a staircase to the Ecumenical Temple.
  2148 | D:4      | Noticed Edmund
  2543 | D:3      | Reached skill level 2 in Poison Magic
  2893 | D:3      | Paralysed by Grinder for 3 turns
  2901 | D:3      | Paralysed by Grinder for 7 turns
  2911 | D:3      | Killed Grinder
  2912 | D:3      | Reached skill level 1 in Ice Magic
  2912 | D:3      | Reached XP level 6. HP: 4/47 MP: 4/9
  3242 | D:3      | Reached skill level 5 in Unarmed Combat
  3242 | D:3      | Reached skill level 3 in Poison Magic
  3302 | Temple   | Entered the Ecumenical Temple
  3426 | Temple   | Became a worshipper of Gozag Ym Sagoz the Greedy
  3556 | D:4      | Found a snail-covered altar of Cheibriados.
  3660 | D:4      | Your scales start taking on a lurid green colour.
  3660 | D:4      | Reached skill level 4 in Poison Magic
  3660 | D:4      | Reached XP level 7. HP: 52/52 MP: 6/10
  3660 | D:4      | Gained mutation: Your system is resistant to poisons.
                  | (rPois) [Green Draconian growth]
  3783 | D:4      | Killed Edmund
  4118 | D:4      | Reached skill level 5 in Transmutations
  4850 | D:4      | Reached skill level 5 in Poison Magic
  4850 | D:4      | Reached XP level 8. HP: 52/59 MP: 8/11
  5107 | D:5      | Entered Level 5 of the Dungeon
  5110 | D:5      | Noticed Blork the orc
  5318 | D:5      | Killed Blork the orc
  6491 | D:6      | Found Eloh's Lightly-Used Armoury.
  6541 | D:6      | Reached skill level 6 in Poison Magic
  6854 | D:6      | Learned a level 2 spell: Wereblood
  6879 | D:6      | You fall into a shaft and drop 3 floors!
  6949 | D:9      | Found Evvaek's Armour Shoppe.
  7051 | D:8      | Reached skill level 5 in Ice Magic
  7051 | D:8      | Reached XP level 9. HP: 54/67 MP: 9/12
  7339 | D:6      | Reached skill level 7 in Poison Magic
  8189 | D:2      | Bought the ring of Fuulipum {Wiz rN+ Str+4 SInv} for 645
                  | gold pieces
  8719 | D:7      | Found Bohuapp's Book Emporium.
  8923 | D:8      | Noticed a komodo dragon
  9166 | D:8      | Noticed a centaur warrior
  9166 | D:8      | Noticed a boulder beetle
  9214 | D:8      | Reached skill level 8 in Poison Magic
  9514 | D:9      | Reached XP level 10. HP: 53/80 MP: 9/13
  9543 | D:9      | Found Duntibba's Assorted Antiques.
  9784 | D:9      | Found Xarotupo's Jewellery Shop.
 10231 | D:9      | Found Moconuyf's Armour Boutique.
 10232 | D:9      | Found Ythurehe's General Store.
 10247 | D:9      | Bought a scroll of torment for 75 gold pieces
 10247 | D:9      | Bought a scroll of fear for 35 gold pieces
 10304 | D:9      | Found a staircase to the Orcish Mines.
 10592 | D:10     | Entered Level 10 of the Dungeon
 10700 | D:10     | HP: 1/96 [meliai/divine providence (16)]
 10700 | D:10     | Killed from afar by a meliai

Illustrated notes

Levels and vault maps discovered:
D:1:      psy_arrival_heroes, layout_basic,
          shapermc_ecumenical_altar_mp_urbaneastern
D:2:      minmay_wonky_spiral, layout_basic, nrook_campfire,
          nicolae_shop_unique_rings
D:3:      layout_basic, hangedman_decor_points, hex_large, uniq_robin,
          uniq_grinder
D:4:      layout_basic, slow_altar_1, minmay_temple_entry_junction_2,
          nrook_mini_vaults, nicolae_zen_rock_garden, minmay_misc_feat_square,
          uniq_edmund
D:5:      layout_layer_cave, uniq_blork_the_orc
D:6:      kennysheep_slugbush, layout_basic, hangedman_decor_lopped,
          minmay_shop_damaged
D:7:      layout_rooms, serial_shops, nicolae_shop_hallway_plus,
          chequers_serial_rivers_micro_d
D:8:      layout_loops_ring, grunt_lair_entry_orc_guard_hut,
          minmay_shattered_shrine
D:9:      layout_small_grid, orc_0_dummy, serial_shops, kennysheep_little_box,
          nicolae_shop_crystal, nicolae_shop_advertising_works
          [nicolae_subvault_shop_adworks], shop, shop
D:10:     layout_rooms, grunt_decor_clamped, hex_medium, serial_bayou_pond_d,
          uniq_sonja
Temple:   kilobyte_greek_temple

Skill      XL: |  1  2  3  4  5  6  7  8  9 |
---------------+----------------------------+-----
Dodging        | 2 4 |  4.5
Transmutations | 3 4 5 6 7 |  7.7
Poison Magic   | 1 2 4 5 6 8 |  8.4
Unarmed Combat | 4 5 6 |  6.6
Ice Magic      | 1 2 3 5 6 |  6.5
Fighting       | 4 |  4.8
Spellcasting   | |  2.0

Action                   |  1- 3 |  4- 6 |  7- 9 | 10-12 || total
-------------------------+-------+-------+-------+-------++-------
Melee: Unarmed           |    69 |   110 |   307 |    64 ||   550
       Tailslap          |     8 |     3 |     5 |       ||    16
       Kick              |    11 |    11 |     7 |       ||    29
       Headbutt          |     7 |     8 |     4 |       ||    19
Throw: Dart              |     3 |     2 |     3 |       ||     8
 Cast: Beastly Appendage |    27 |    16 |     6 |       ||    49
       Spider Form       |       |    11 |    41 |       ||    52
       Ice Form          |       |       |    15 |     8 ||    23
       Wereblood         |       |       |     1 |     4 ||     5
 Abil: Breathe Noxious F |       |       |     7 |       ||     7
  Use: Scroll            |       |     5 |     1 |       ||     6
       Potion            |       |     2 |       |       ||     2
 Stab: Confused          |       |       |     6 |       ||     6
Armor: Skin              |    24 |    17 |    52 |    17 ||   110
Dodge: Dodged            |    34 |    71 |   221 |    50 ||   376

Table legend: (Time is in decaauts)
 A = Elapsed time spent in this place.
 B = Non-inter-level travel time spent in this place.
 C = Inter-level travel time spent in this place.
 D = Time resting spent in this place.
 E = Time spent auto-exploring this place.
 F = Levels seen in this place.
 G = Mean time per level.
                   A        B        C        D        E       F      G
               +--------+--------+--------+--------+--------+-----+--------+
         Total |  10657 |  10335 |    322 |   1619 |   4891 |  11 |  968.8 |
       Dungeon |  10474 |  10152 |    322 |   1619 |   4754 |  10 | 1047.4 |
        Temple |    182 |    182 |      0 |      0 |    137 |   1 |  182.0 |
               +--------+--------+--------+--------+--------+-----+--------+

Top non-repeatable levels by time:
     D:3: 1643 daAuts
     D:4: 1569 daAuts
     D:5: 1417 daAuts
     D:6: 1375 daAuts
     D:9: 1219 daAuts
     D:2: 1016 daAuts
     D:1: 820 daAuts
     D:8: 674 daAuts
     D:7: 631 daAuts
  Temple: 182 daAuts
    D:10: 105 daAuts
